 Dungeon Crawl Stone Soup version 0.28.0 (webtiles) character file.

Game seed: 14513446972587679713

2179 Anothat the Fighter (level 9, -10/33 (74) HPs)
             Began as a Formicid Fighter on Feb 12, 2022.
             Was a Believer of Wu Jian.
             Mangled by an ice beast (14 damage)
             ... on level 7 of the Dungeon.
             The game lasted 00:22:13 (9444 turns).

Anothat the Fighter (Formicid Fighter)              Turns: 9444, Time: 00:22:14

HP:   -10/33 (74)   AC: 12    Str: 24    XL:     9   Next: 58%
MP:   9/9           EV:  8    Int:  9    God:    Wu Jian [**....]
Gold: 1152          SH:  5    Dex: 10    Spells: 8/8 levels left

rFire   . . .      SeeInvis +   a - +1 long sword
rCold   . . .      Faith    .   c - +0 buckler
rNeg    . . .      Spirit   .   q - +1 chain mail
rPois   .          Reflect  .   (helmet unavailable)
rElec   .          Harm     .   (no cloak)
rCorr   .          Rampage  .   (no gloves)
Will    .....                   o - +0 pair of boots
Stlth   ..........              (no amulet)
HPRegen 0.11/turn               (no ring)
MPRegen 0.11/turn               (no ring)

@: marked, extremely drained
A: permanent stasis, dig shafts and tunnels, antennae 3, four strong arms
a: Dig, Shaft Self, Renounce Religion, Wall Jump


You were on level 7 of the Dungeon.
You worshipped Wu Jian.
Wu Jian was pleased with you.
You visited 1 branch of the dungeon, and saw 7 of its levels.

You collected 1248 gold pieces.
You spent 96 gold pieces at shops.

Inventory:

Hand Weapons
 a - a +1 long sword (weapon)
Armour
 b - a +0 scale mail
 c - a +0 buckler (worn)
 o - a +0 pair of boots (worn)
 q - a +1 chain mail (worn)
Jewellery
 n - a ring of fire
 s - a ring of resist corrosion
 w - a ring of magical power
Wands
 m - a wand of flame (46)
Scrolls
 f - 2 scrolls of identify
 g - 2 scrolls of fear {unknown}
 h - a scroll of noise {unknown}
 i - a scroll of vulnerability
 k - a scroll of enchant armour
 l - 4 scrolls of enchant weapon
 p - a scroll of fog
 v - a scroll of silence
 x - 4 scrolls of torment {unknown}
Potions
 d - 2 potions of magic
 e - a potion of flight
 j - a potion of degeneration
 r - a potion of ambrosia {unknown}
 t - 2 potions of brilliance
 u - a potion of lignification {unknown}
 z - 2 potions of curing
 A - 3 potions of heal wounds


   Skills:
 + Level 8.1 Fighting
 * Level 6.8 Long Blades
 + Level 6.7 Armour
 + Level 7.3 Shields


You had 8 spell levels left.
You didn't know any spells.
Your spell library contained the following spells:

 Spells                   Type           Power      Damage    Failure   Level
 Corpse Rot               Necr/Air       0%         N/A       99%         2
 Gell's Gravitas          Tloc           0%         N/A       100%        3
 Teleport Other           Tloc           0%         N/A       100%        3
 Dispel Undead            Necr           0%         3d6       100%        4
 Death Channel            Necr           0%         N/A       100%        6
 Dispersal                Tloc           0%         N/A       100%        6


Dungeon Overview and Level Annotations

Branches:
Dungeon (7/15)             Temple (0/1) D:4

Altars:
Wu Jian
Zin

Shops:
D:5 (   D:6 !

Annotations:
D:6 Harold, Menkaure


Innate Abilities, Weirdness & Mutations

You cannot be hasted, slowed, berserked, paralysed or teleported.
You can dig through walls and to a lower floor.
You have a pair of large antennae on your head. (SInv)
Your four strong arms can wield two-handed weapons with a shield.


Message History

You block the centaur skeleton's attack.
The centaur skeleton kicks you but does no damage.
You slash the centaur skeleton!
The centaur skeleton is almost destroyed.
The centaur skeleton hits you but does no damage.
The centaur skeleton barely misses you.
You hit the centaur skeleton.
You destroy the centaur skeleton!
The Council accepts your kill.
You hit the necrophage.
The necrophage is moderately damaged.
The necrophage hits you but does no damage.
You barely miss the necrophage.
The necrophage is moderately damaged.
The necrophage hits you but does no damage.
You barely miss the necrophage.
The necrophage is moderately damaged.
An ice beast comes into view.
The necrophage hits you but does no damage.
You slash the necrophage!
The necrophage is heavily damaged.
The necrophage hits you.
* * * LOW HITPOINT WARNING * * *
You slash the necrophage!
The necrophage is almost destroyed.
The necrophage closely misses you.
You hit the necrophage.
The necrophage is almost destroyed.
The necrophage completely misses you.
You slash the necrophage!
You destroy the necrophage!
The Council accepts your kill.
Press: ? - help, v - describe, . - travel The floor.
You barely miss the ice beast. The ice beast barely misses you.
You barely miss the ice beast. You block the ice beast's attack.
You hit the ice beast but do no damage. The ice beast hits you.
* * * LOW HITPOINT WARNING * * *
The ice beast freezes you!
You die...

#...# ##...## ##.....##
#### ##.......##
##..####.........##
#....#.##...#.....#
###.#..#...##....##
#..#(.....##...##
##...##.##@....).#
#........#Y.#.(.##
####...#...###.#..##
##.#...##..........#
#.......#..##..##...#
#..........##..###.....
#.........###..###.....
###.........##........##.
.##.................. .


You could see an ice beast.

Vanquished Creatures
  Prince Ribbit (D:5)
  Grinder (D:6)
  Sigmund (D:3)
  A steam dragon (D:5)
  Edmund (D:5)
  Duvessa (D:5)
  An ogre (D:4)
  2 necrophages (D:7)
  A centaur (D:6)
  3 scorpions
  Dowan (D:5)
  A howler monkey (D:7)
  A centaur zombie (D:6)
  3 hounds
  2 orc priests
  A centaur skeleton (D:7)
  A bullfrog skeleton (D:4)
  2 orc wizards
  Natasha (thrice) (D:2)
  3 iguanas
  A howler monkey zombie (D:6)
  Robin (D:3)
  3 gnolls (D:4)
  10 adders
  3 shadow imps
  A white imp (D:7)
  An ufetubus (D:5)
  3 dart slugs
  2 worms
  6 orcs
  8 bats
  2 endoplasms
  4 giant cockroaches
  14 goblins
  7 hobgoblins
  5 quokkas
  5 ball pythons
  7 kobolds
  5 rats
119 creatures vanquished.

Vanquished Creatures (others)
  A kobold (D:3)
  2 plants (D:3)
3 creatures vanquished.

Grand Total: 122 creatures vanquished

Notes
Turn   | Place    | Note
-------+----------+-------------------------------------------
     0 | D:1      | Anothat the Formicid Fighter began the quest for the Orb.
     0 | D:1      | Reached XP level 1. HP: 18/18 MP: 1/1
   300 | D:1      | Reached XP level 2. HP: 24/24 MP: 2/2
   844 | D:1      | Reached XP level 3. HP: 29/30 MP: 3/3
  1027 | D:2      | Noticed Natasha
  1251 | D:2      | Reached skill level 4 in Fighting
  1259 | D:2      | Found a glowing silver altar of Zin.
  1315 | D:2      | Killed Natasha
  1316 | D:2      | Reached XP level 4. HP: 37/37 MP: 4/4
  1576 | D:2      | Noticed Natasha
  1596 | D:2      | Killed Natasha
  1605 | D:2      | Reached XP level 5. HP: 24/43 MP: 5/5
  1811 | D:2      | Noticed Natasha
  1820 | D:2      | Killed Natasha
  1911 | D:2      | Identified a scroll of acquirement
  1911 | D:2      | Acquired 825 gold pieces
  2108 | D:3      | Noticed Robin
  2121 | D:3      | Killed Robin
  2128 | D:3      | Noticed Sigmund
  2158 | D:3      | Killed Sigmund
  2159 | D:3      | Reached skill level 5 in Fighting
  2159 | D:3      | Reached XP level 6. HP: 15/51 MP: 6/6
  2495 | D:3      | Found a faded altar of an unknown god.
  2530 | D:3      | Prayed at the altar of an unknown god.
  2530 | D:3      | Became a worshipper of the Wu Jian Council
  2530 | D:3      | Reached * piety under Wu Jian
  3152 | D:4      | Reached skill level 5 in Shields
  3157 | D:4      | Reached XP level 7. HP: 38/57 MP: 7/7
  3553 | D:4      | Found a glowing silver altar of Zin.
  3887 | D:4      | Found a staircase to the Ecumenical Temple.
  3939 | D:4      | Reached skill level 6 in Fighting
  4691 | D:4      | Reached skill level 5 in Armour
  4966 | D:5      | Entered Level 5 of the Dungeon
  5050 | D:5      | Noticed Duvessa
  5051 | D:5      | Noticed Dowan
  5492 | D:5      | Found Edypoq Zupp's Weapon Shoppe.
  5778 | D:5      | Reached ** piety under Wu Jian
  5835 | D:5      | Noticed Edmund
  5896 | D:5      | Killed Edmund
  5897 | D:5      | Reached XP level 8. HP: 17/65 MP: 8/8
  6645 | D:5      | Reached skill level 7 in Fighting
  6781 | D:5      | Noticed Prince Ribbit
  7143 | D:5      | Killed Prince Ribbit
  7637 | D:6      | Reached skill level 5 in Long Blades
  7705 | D:6      | Noticed Grinder
  7933 | D:6      | Reached XP level 9. HP: 56/72 MP: 9/9
  8144 | D:5      | Killed Duvessa
  8148 | D:5      | Killed Dowan
  8383 | D:6      | Killed Grinder
  8678 | D:6      | Noticed Menkaure
  9141 | D:6      | Found Dysiuxia's Distillery.
  9144 | D:6      | Bought a potion of curing for 36 gold pieces
  9144 | D:6      | Bought a potion of heal wounds for 60 gold pieces
  9368 | D:7      | Reached skill level 8 in Fighting
  9371 | D:7      | Noticed Harold
  9397 | D:6      | HP: 1/52 [Harold/harpoon shot (6)]
  9444 | D:7      | Mangled by an ice beast

Illustrated notes

Levels and vault maps discovered:
D:1:      giann_bridges, layout_loops_ring
D:2:      layout_rooms, basic_altar, uniq_natasha
D:3:      layout_loops_ring, shapermc_ecumenical_altar_mp_urbaneastern,
          cheibrodos_sewer_entry_drain, uniq_robin, uniq_sigmund
D:4:      layout_cave_pools, zin_academy, temple_statues
D:5:      layout_basic, serial_shops, nicolae_shop_advertising_works
          [nicolae_subvault_shop_adworks], uniq_prince_ribbit1, uniq_duvessa,
          uniq_edmund
D:6:      layout_loops_ring, serial_shops, kennysheep_mini, uniq_grinder,
          uniq_menkaure
D:7:      layout_cave_pools, serial_shops, kennysheep_mini_moat,
          eino_small_chamber_without_monster, uniq_harold

Skill      XL: |  1  2  3  4  5  6  7  8  9 |
---------------+----------------------------+-----
Shields        | 4 5 6 7 |  7.3
Fighting       | 4 5 6 7 8 |  8.1
Armour         | 4 5 6 |  6.7
Long Blades    | 3 4 5 6 |  6.8

Action                   |  1- 3 |  4- 6 |  7- 9 || total
-------------------------+-------+-------+-------++-------
Melee: Long sword        |    71 |   130 |   318 ||   519
Invok: Lunge             |       |     3 |    16 ||    19
       Whirlwind         |       |     2 |    12 ||    14
 Abil: Dig               |       |       |    13 ||    13
Evoke: Wand              |       |       |    18 ||    18
  Use: Scroll            |       |    10 |     3 ||    13
       Potion            |       |     1 |     1 ||     2
Armor: Scale mail        |    35 |     9 |       ||    44
       Chain mail        |       |    59 |   177 ||   236
Dodge: Dodged            |    30 |    50 |   127 ||   207
Block: Buckler           |    16 |    32 |    67 ||   115
